 Dungeon Crawl Stone Soup version 0.29-a0-330-g52719c12eb (webtiles) character file.

Game seed: 296912827609389437

1661 kae the Firebug (level 9, -5/57 HPs)
             Began as an Octopode Fire Elementalist on Apr 18, 2022.
             Was an Initiate of Ashenzari.
             Slain by Duvessa
             ... wielding a +0 short sword
              (9 damage)
             ... on level 4 of the Dungeon.
             The game lasted 00:04:49 (7113 turns).

kae the Firebug (Octopode Fire Elementalist)        Turns: 7113, Time: 00:04:49

Health: -5/57      AC:  1    Str:  7    XL:     9   Next: 0%
Magic:  13/15      EV: 12    Int: 28    God:    Ashenzari [......]
Gold:   265        SH:  9    Dex: 12    Spells: 3/16 levels left

rFire   . . .      SeeInvis .   f - +2 dagger (drain)
rCold   . . .      Faith    .   g - +1 kite shield
rNeg    . . .      Spirit   .   (helmet restricted)
rPois   .          Reflect  .   c - amulet of magic regeneration
rElec   .          Harm     .   i - +6 ring of intelligence
rCorr   .          Rampage  .   (no ring)
Will    .....                   (no ring)
Stlth   ++++......              (no ring)
HPRegen 0.19/turn               (no ring)
MPRegen 0.54/turn               (no ring)
                                (no ring)
                                (no ring)

@: no status effects
A: almost no armour, amphibious, 8 rings, camouflage 1, gelatinous body 1,
(nimble swimmer 1), tentacles
a: Renounce Religion, Curse Item


You were on level 4 of the Dungeon.
You worshipped Ashenzari.
Ashenzari was noncommittal.
You visited 1 branch of the dungeon, and saw 5 of its levels.

You collected 265 gold pieces.

Inventory:

Hand Weapons
 b - a +0 flail
 f - a +2 dagger of draining (weapon)
Armour
 g - a +1 kite shield (worn)
Jewellery
 c - an amulet of magic regeneration (around mantle)
 i - a +6 ring of intelligence (left tentacle)
 q - a +4 ring of protection
Wands
 v - a wand of acid (4)
Scrolls
 h - 5 scrolls of identify
 l - 2 scrolls of enchant weapon {unknown}
 m - a scroll of enchant armour
 n - 2 scrolls of teleportation
 o - a scroll of fog
 r - a scroll of noise {unknown}
 s - 3 scrolls of vulnerability {unknown}
 t - a scroll of fear {unknown}
Potions
 a - 3 potions of magic
 d - 2 potions of mutation
 e - 2 potions of curing
 j - 2 potions of lignification
 k - 5 potions of heal wounds
 p - 2 potions of ambrosia {unknown}
 u - 2 potions of degeneration {unknown}
 w - a potion of resistance {unknown}


   Skills:
 + Level 3.5 Fighting
 + Level 4.3 Dodging
 + Level 5.9 Stealth
 + Level 3.3 Shields
 + Level 4.1 Spellcasting
 + Level 3.8 Conjurations
 * Level 6.5 Fire Magic


You had 3 spell levels left.
You knew the following spells:

 Your Spells              Type           Power      Damage    Failure   Level
a - Foxfire               Conj/Fire      100%       2x1d9     2%          1
b - Scorch                Fire           84%        2d9       2%          2
c - Conjure Flame         Conj/Fire      34%        6-21      9%          3
d - Inner Flame           Hex/Fire       24%        N/A       19%         3
e - Flame Wave            Conj/Fire      34%        2d8       26%         4

Your spell library contained the following spells:

 Spells                   Type           Power      Damage    Failure   Level
 Apportation              Tloc           10%        N/A       22%         1
 Corpse Rot               Necr/Air       10%        N/A       34%         2
 Animate Dead             Necr           2%         N/A       92%         4
 Dispel Undead            Necr           5%         3d7       92%         4
 Alistair's Intoxication  Tmut/Pois      3%         N/A       99%         5
 Death Channel            Necr           2%         N/A       100%        6
 Haunt                    Necr/Summ      2%         N/A       100%        7
 Infestation              Necr           2%         N/A       100%        8


Dungeon Overview and Level Annotations

Branches:
Dungeon (5/15)             Temple (0/1) D:5

Altars:
Ashenzari
Kikubaaqudgha
Nemelex Xobeh
Uskayaw
Vehumet
Xom
The Shining One

Annotations:
D:2 Sigmund
D:4 Duvessa


Innate Abilities, Weirdness & Mutations

You cannot wear most types of armour.
You are amphibious.
You can wear up to eight rings at the same time.
Your skin changes colour to match your surroundings (Stealth+).
Your rubbery body absorbs attacks. (AC +1, EV +1)
((You are camouflaged when in or above water. (Stealth+)))
You have tentacles for arms and can constrict up to eight enemies at once.


Message History

Confirm with . or Enter, or press ? or * to list all spells.
You conjure some foxfire!
Duvessa rages.
The foxfire hits Duvessa.
Duvessa is lightly wounded.
The foxfire hits Duvessa but does no damage.
Duvessa is lightly wounded.
Casting: Foxfire (safe; 2% risk of failure)
Confirm with . or Enter, or press ? or * to list all spells.
You conjure some foxfire!
The foxfire hits Duvessa.
Duvessa is lightly wounded.
The foxfire hits Duvessa but does no damage.
Duvessa is lightly wounded.
Duvessa rages.
Casting: Foxfire (safe; 2% risk of failure)
Confirm with . or Enter, or press ? or * to list all spells.
Flames lash Duvessa.
Duvessa is moderately wounded.
Duvessa's fire resistance burns away.
Duvessa hits you with a +0 short sword!
Duvessa hits you with a +0 short sword!!
Duvessa hits you with a +0 short sword!
* * * LOW HITPOINT WARNING * * *
Casting: Scorch (safe; 2% risk of failure)
Confirm with . or Enter, or press ? or * to list all spells.
Flames lash Duvessa.
Duvessa is moderately wounded.
Duvessa hits you with a +0 short sword.
* * * LOW HITPOINT WARNING * * *
You block Duvessa's attack. Duvessa hits you with a +0 short sword.
* * * LOW HITPOINT WARNING * * *
Okay, then.
Okay, then.
Okay, then.
It was a potion of heal wounds.
You feel much better.
Duvessa hits you with a +0 short sword!!
* * * LOW HITPOINT WARNING * * *
Duvessa hits you with a +0 short sword!
You die...

##.............#.##.## ##..#.
#..............#.##..# #.<##.
###.#............#.###.###.##..
##...#...........##..##...#.##..
#..###............##.####.#.##..
##.####............##....#...##..
...................#####.#.......
...###.............# #.#.......
...###...#......@e.#####.#.......
.................................
.........).......#.#..##.##..<...
.[####...[.#....##...###.##..)...
..# #>..)(..........###.##......
..# #..........####...#.........
..# #.)........# ###...........
..# #>e........# #....#...... ###
############ #....#......


You could see Duvessa (berserk, combustible).

Vanquished Creatures
  Pikel (D:4)
  Grinder (D:3)
  A water moccasin (D:5)
  A black bear (D:5)
  2 ogres (D:5)
  2 lemures (D:4)
  A phantom (D:5)
  A necrophage (D:4)
  A scorpion (D:3)
  Dowan (D:5)
  A howler monkey (D:5)
  3 hounds
  A jelly (D:5)
  An orc priest (D:4)
  An iguana (D:5)
  Terence (D:3)
  Robin (D:3)
  4 gnolls
  7 adders
  3 ufetubi (D:5)
  12 orcs
  4 bats
  5 endoplasms
  3 giant cockroaches
  19 goblins
  4 hobgoblins
  5 jackals
  6 quokkas
  3 ball pythons
  4 kobolds
  7 rats
107 creatures vanquished.

Vanquished Creatures (others)
  255 foxfires
255 creatures vanquished.

Grand Total: 362 creatures vanquished

Notes
Turn   | Place    | Note
-------+----------+-------------------------------------------
     0 | D:1      | kae the Octopode Fire Elementalist began the quest for the
                  | Orb.
     0 | D:1      | Reached XP level 1. HP: 11/11 MP: 3/3
   160 | D:1      | Reached XP level 2. HP: 16/17 MP: 1/5
   841 | D:1      | Reached XP level 3. HP: 19/22 MP: 6/6
  1063 | D:2      | Found a hide-covered altar of Uskayaw.
  1175 | D:2      | Found a faded altar of an unknown god.
  1193 | D:2      | Found a faded altar of an unknown god.
  1258 | D:2      | Noticed Sigmund
  1895 | D:2      | Reached XP level 4. HP: 27/27 MP: 7/7
  1898 | D:2      | Learned a level 2 spell: Scorch
  1902 | D:2      | Learned a level 3 spell: Conjure Flame
  2193 | D:3      | Reached skill level 1 in Fighting
  2194 | D:3      | Found a broken altar of Ashenzari.
  2253 | D:3      | Became a worshipper of Ashenzari the Shackled
  2325 | D:3      | Reached XP level 5. HP: 33/33 MP: 5/8
  2381 | D:3      | Noticed Terence
  2499 | D:3      | Reached skill level 4 in Fire Magic
  2582 | D:3      | Killed Terence
  2583 | D:3      | Reached skill level 1 in Shields
  2806 | D:3      | Found a radiant altar of Vehumet.
  2837 | D:3      | Noticed Robin
  2852 | D:3      | Killed Robin
  3070 | D:3      | Noticed Grinder
  3078 | D:3      | Killed Grinder
  3079 | D:3      | Reached XP level 6. HP: 18/39 MP: 7/10
  3238 | D:3      | Found an ancient bone altar of Kikubaaqudgha.
  3367 | D:3      | Found a glowing golden altar of the Shining One.
  3627 | D:3      | Reached XP level 7. HP: 45/45 MP: 6/11
  4025 | D:4      | Reached skill level 5 in Fire Magic
  4748 | D:5      | Entered Level 5 of the Dungeon
  5041 | D:5      | Found a sparkling altar of Nemelex Xobeh.
  5114 | D:5      | Reached skill level 5 in Stealth
  5114 | D:5      | Reached XP level 8. HP: 50/51 MP: 9/13
  5118 | D:5      | Learned a level 3 spell: Inner Flame
  5123 | D:5      | Learned a level 4 spell: Flame Wave
  5137 | D:5      | Noticed Pikel
  5991 | D:4      | Killed Pikel
  5992 | D:4      | Reached skill level 6 in Fire Magic
  6302 | D:5      | Noticed Dowan
  6306 | D:5      | Noticed Duvessa
  6598 | D:5      | Found a shimmering altar of Xom.
  6749 | D:5      | Found a staircase to the Ecumenical Temple.
  6928 | D:5      | Killed Dowan
  6929 | D:5      | Reached XP level 9. HP: 57/57 MP: 15/15
  7113 | D:4      | Slain by Duvessa

Illustrated notes

Levels and vault maps discovered:
D:1:      tarquinn_simple_flora_water_f, layout_basic
D:2:      layout_loops_cross, basic_altar,
          hellmonk_ecumenical_altar_the_god_not_taken, minmay_hexomino_f4,
          uniq_sigmund
D:3:      layout_loops_ring, mainiacjoe_overflow_small_starburst,
          mainiacjoe_overflow_alcove_4, nicolae_vehumet_altar_sigil,
          evilmike_ruin_ashenzari, uniq_robin, uniq_grinder, uniq_terence
D:4:      layout_rooms
D:5:      layout_cave_pools, mainiacjoe_overflow_alcove_2,
          mainiacjoe_overflow_six_doors_small, minmay_temple_entry_nine_rooms,
          uniq_duvessa, uniq_pikel

Skill      XL: |  1  2  3  4  5  6  7  8 |
---------------+-------------------------+-----
Stealth        | 3 4 5 |  5.9
Fighting       | 1 2 3 |  3.5
Fire Magic     | 4 5 6 |  6.5
Shields        | 1 2 3 |  3.3
Conjurations   | 2 3 |  3.8
Dodging        | 3 4 |  4.3
Spellcasting   | 3 4 |  4.1

Action                   |  1- 3 |  4- 6 |  7- 9 || total
-------------------------+-------+-------+-------++-------
Melee: Unarmed           |     7 |       |       ||     7
       Constrict         |     9 |     5 |     3 ||    17
       Tentacles         |     4 |     3 |     6 ||    13
       Punch             |     1 |       |       ||     1
       Dagger            |    23 |    13 |    19 ||    55
       Flail             |     3 |       |       ||     3
 Cast: Foxfire           |    40 |    51 |    65 ||   156
       Scorch            |       |     7 |    37 ||    44
       Conjure Flame     |       |     1 |       ||     1
  Use: Scroll            |     7 |     2 |     1 ||    10
       Potion            |     2 |       |     1 ||     3
 Stab: Sleeping          |     4 |     2 |     2 ||     8
Armor: Skin              |     2 |     3 |     1 ||     6
Dodge: Dodged            |    27 |    23 |    41 ||    91
Block: Kite shield       |    11 |    22 |    37 ||    70

Table legend: (Time is in decaauts)
 A = Elapsed time spent in this place.
 B = Non-inter-level travel time spent in this place.
 C = Inter-level travel time spent in this place.
 D = Time resting spent in this place.
 E = Time spent auto-exploring this place.
 F = Levels seen in this place.
 G = Mean time per level.
                   A        B        C        D        E       F      G
               +--------+--------+--------+--------+--------+-----+--------+
         Total |   7138 |   6754 |    384 |   1623 |   4041 |   5 | 1427.6 |
       Dungeon |   7138 |   6754 |    384 |   1623 |   4041 |   5 | 1427.6 |
               +--------+--------+--------+--------+--------+-----+--------+

Top non-repeatable levels by time:
     D:4: 2057 daAuts
     D:3: 1652 daAuts
     D:1: 1448 daAuts
     D:5: 1224 daAuts
     D:2: 756 daAuts
